 Dungeon Crawl Stone Soup version 0.21-a0-225-g207ae17 (webtiles) character file.

1589 Moloch the Poker (level 8, -5/62 HPs)
             Began as a Mummy Fighter on Aug 28, 2017.
             Was an Initiate of Cheibriados.
             Slain by a cyclops (19 damage)
             ... on level 7 of the Dungeon.
             The game lasted 00:10:51 (5924 turns).

Moloch the Poker (Mummy Fighter)                    Turns: 5924, Time: 00:10:51

Health: -5/62      AC: 11    Str: 21    XL:     8   Next: 61%
Magic:  11/11      EV:  7    Int:  8    God:    Cheibriados [......]
Gold:   348        SH:  9    Dex: 14    Spells: 7/7 levels left

rFire    x . .     SeeInvis .   a - +0 trident
rCold    + + .     Gourm    .   c - +0 shield
rNeg     + + +     Faith    .   d - +2 scale mail {rC+}
rPois    ∞         Spirit   .   f - +2 helmet
rElec    .         Reflect  .   (no cloak)
rCorr    .         Harm     .   (no gloves)
MR       +....                  (no boots)
Stlth    +.........             (no amulet)
HPRegen  0.20/turn              i - ring of stealth
MPRegen  0.12/turn              (no ring)

@: very slow
A: no food or potions, fire vulnerability, cold resistance 1, negative energy
resistance 3, torment resistance, unbreathing
a: Bend Time, Renounce Religion


You were on level 7 of the Dungeon.
You worshipped Cheibriados.
Cheibriados was noncommittal.
You were not hungry.

You visited 2 branches of the dungeon, and saw 8 of its levels.

You collected 348 gold pieces.

Inventory:

Hand Weapons
 a - a +0 trident (weapon)
 r - a +0 glaive
Armour
 c - a +0 shield (worn)
 d - a +2 scale mail of cold resistance (worn)
 f - a +2 helmet (worn)
Jewellery
 i - a ring of stealth (left hand)
Wands
 l - a wand of confusion (0/48)
Scrolls
 b - 4 scrolls of identify
 e - 2 scrolls of blinking {unknown}
 g - 7 scrolls of teleportation
 h - 3 scrolls of fog {unknown}
 j - a scroll of noise {unknown}
 k - a scroll of amnesia {unknown}
 m - a scroll of enchant weapon {unknown}
 n - a scroll of fear {unknown}
 o - a scroll of immolation {unknown}
 p - a scroll of magic mapping {unknown}
 q - a scroll of summoning {unknown}


   Skills:
 + Level 5.0 Fighting
 + Level 6.8 Polearms
 - Level 2.4 Armour
 - Level 2.4 Shields
 - Level 5.1 Evocations


You had 7 spell levels left.
You didn't know any spells.

Dungeon Overview and Level Annotations

Branches:
Dungeon (7/15)             Temple (1/1) D:6

Altars:
Ashenzari
Cheibriados
Dithmenos
Elyvilon
Fedhas
Gozag
Hepliaklqana
Kikubaaqudgha
Makhleb
Nemelex Xobeh
Qazlal
Trog
Uskayaw
Vehumet
Xom
Yredelemnul
Zin
The Shining One


Innate Abilities, Weirdness & Mutations

You do not eat or drink.
Your flesh is vulnerable to fire.
You are immune to poison.
Your flesh is cold resistant. (rC+)
You are immune to negative energy. (rN+++)
You are immune to unholy pain and torment.
You can survive without breathing.


Message History

Attack whom?
Press: ? - help, Dir - move target cursor, f/p - cyclops
Aim: a cyclops (moderately wounded, confused)
You reach to attack!
You hit the cyclops.
The cyclops is heavily wounded.
Attack whom?
Press: ? - help, Dir - move target cursor, f/p - cyclops
Aim: a cyclops (heavily wounded, confused)
You reach to attack!
You strike the helpless cyclops from behind!
You puncture the cyclops!
The cyclops is heavily wounded.
Attack whom?
Press: ? - help, Dir - move target cursor, f/p - cyclops
Aim: a cyclops (heavily wounded, confused)
You strike the helpless cyclops from behind!
You hit the cyclops but do no damage.
The cyclops is heavily wounded.
The cyclops hits you!!
You die...

#(# #.# #.# #.# #.# #.#
#.#
###)###################
#....†.......(†@C5.....
#.##################...
#>...oo.o ######oS.


You could see a cyclops (confused) and a crimson imp.

Vanquished Creatures
  2 orc warriors
  A sky beast (D:5)
  A necrophage (D:6)
  A phantom (D:5)
  An ogre (D:5)
  A bullfrog (D:6)
  A scorpion (D:6)
  A howler monkey (D:4)
  2 crimson imps (D:5)
  7 hounds
  An orc priest (D:5)
  A jelly (D:5)
  3 orc wizards
  An iguana (D:4)
  5 worker ants
  A hound skeleton (D:4)
  10 adders
  2 oozes
  2 worms
  A dart slug (D:1)
  3 leopard geckos
  8 orcs
  5 bats
  6 giant cockroaches
  7 goblins
  5 hobgoblins
  A jackal (D:6)
  14 kobolds
  3 quokkas
  3 ball pythons
  5 frilled lizards
  A leopard gecko skeleton (D:4)
  9 rats
115 creatures vanquished.

Vanquished Creatures (others)
  The ghost of stickyfingers the Slicer, a novice VSIE (D:6)
  An orc (D:6)
  A jackal (D:6)
  A butterfly (D:6)
4 creatures vanquished.

Grand Total: 119 creatures vanquished

Notes
Turn   | Place    | Note
-------+----------+-------------------------------------------
     0 | D:1      | Moloch the Mummy Fighter began the quest for the Orb.
     0 | D:1      | Reached XP level 1. HP: 18/18 MP: 1/1
    94 | D:1      | Reached XP level 2. HP: 24/24 MP: 2/2
   101 | D:1      | Reached skill level 2 in Polearms
   719 | D:1      | Reached XP level 3. HP: 29/29 MP: 3/3
   945 | D:2      | Reached skill level 3 in Polearms
   998 | D:2      | Reached XP level 4. HP: 26/36 MP: 4/4
  2134 | D:4      | Reached XP level 5. HP: 41/42 MP: 5/5
  2361 | D:4      | Reached skill level 4 in Polearms
  2935 | D:5      | Entered Level 5 of the Dungeon
  2965 | D:5      | Noticed an orc warrior
  3003 | D:4      | Reached skill level 1 in Evocations
  3003 | D:4      | Reached XP level 6. HP: 34/48 MP: 6/6
  3093 | D:5      | Found a stormy altar of Qazlal.
  3126 | D:5      | Found a blossoming altar of Fedhas.
  3606 | D:5      | Found a white marble altar of Elyvilon.
  3625 | D:5      | Reached XP level 7. HP: 36/53 MP: 9/9
  3855 | D:5      | Found a shattered altar of Ashenzari.
  3980 | D:5      | Found a sparkling altar of Nemelex Xobeh.
  4216 | D:5      | Reached skill level 5 in Polearms
  4405 | D:6      | Noticed stickyfingers's ghost (novice VSIE)
  4778 | D:6      | Reached XP level 8. HP: 61/61 MP: 11/11
  4813 | D:6      | Found a staircase to the Ecumenical Temple.
  4826 | Temple   | Entered the Ecumenical Temple
  5039 | D:6      | Found a radiant altar of Vehumet.
  5206 | D:6      | Found an opulent altar of Gozag.
  5335 | D:6      | Reached skill level 6 in Polearms
  5367 | D:6      | Killed stickyfingers's ghost
  5367 | D:6      | Reached skill level 5 in Evocations
  5809 | Temple   | Became a worshipper of Cheibriados the Contemplative
  5879 | D:7      | Reached skill level 5 in Fighting
  5905 | D:7      | Noticed a cyclops
  5924 | D:7      | Slain by a cyclops

Vault maps used:
D:1:      zelgadis_glass_arrival_small
D:2:      minmay_kobold_bridge, grunt_decor_cap
D:3:      first_bread, hex_large
D:5:      minmay_thick_lines, old_standard_altar, lemuel_round_altar,
          grunt_qazlal_clouds, lemuel_crystal_altar,
          nicolae_overflow_hidden_temple
D:6:      fiery_altar_vehumet, minmay_temple_entry_butterflies,
          nicolae_gozag_cash_rules_everything_around_me
D:7:      lemuel_doored_altar, nicolae_ru_the_path_less_chosen
Temple:   minmay_temple_bridge_abc

Skill      XL: |  1  2  3  4  5  6  7  8 |
---------------+-------------------------+-----
Polearms       | 2 3 4 5 6 |  6.8
Evocations     | 1 3 4 5 |  5.1
Fighting       | 4 5 |  5.0
Armour         | |  2.4
Shields        | |  2.4

Action                   |  1- 3 |  4- 6 |  7- 9 || total
-------------------------+-------+-------+-------++-------
Melee: Trident           |   154 |   210 |   333 ||   697
Evoke: Wand              |       |       |    10 ||    10
  Use: Scroll            |       |     2 |       ||     2
 Stab: Confused          |       |       |    12 ||    12
       Sleeping          |       |       |     1 ||     1
Armor: Scale mail        |    57 |    64 |   114 ||   235
Dodge: Dodged            |    47 |    65 |    69 ||   181
Block: Shield            |    60 |    84 |   118 ||   262

Table legend:
 A = Spawn XP
 B = Non-spawn XP
 C = Spawn XP percentage of total XP
 D = Spawn monster count
 E = Non-spawn monster count
 F = Spawn count percentage of total count
 G = Total turns spent on level
                    A         B        C        D         E        F      G
               +---------+---------+-------+---------+---------+-------+---------
         Total |     178 |    2093 |   7.8 |      14 |     102 |  12.1 |  5924
               +---------+---------+-------+---------+---------+-------+---------
           D:1 |       6 |      36 |  14.3 |       2 |      23 |   8.0 |   724
           D:2 |       3 |      61 |   4.7 |       2 |      16 |  11.1 |   616
           D:3 |       8 |      77 |   9.4 |       3 |      15 |  16.7 |   749
           D:4 |       1 |     240 |   0.4 |       1 |      11 |   8.3 |   954
           D:5 |      13 |     813 |   1.6 |       1 |      16 |   5.9 |  1651
           D:6 |     147 |     762 |  16.2 |       5 |      16 |  23.8 |   982
           D:7 |       0 |     104 |   0.0 |       0 |       5 |   0.0 |   101
               +---------+---------+-------+---------+---------+-------+---------
